 Dungeon Crawl Stone Soup version 0.29-a0-284-gf9362112df (webtiles) character file.

Game seed: 1259662167967729830

11 NinjaNoafa the Protected (level 2, -1/20 HPs)
             Began as a Gnoll Wanderer on Mar 29, 2022.
             Slain by a kobold
             ... wielding a +0 club
              (2 damage)
             ... on level 2 of the Dungeon.
             The game lasted 00:08:01 (491 turns).

NinjaNoafa the Protected (Gnoll Wanderer)            Turns: 491, Time: 00:08:02

Health: -1/20      AC: 12    Str: 15    XL:     2   Next: 25%
Magic:  5/5        EV:  7    Int:  9    God:
Gold:   25         SH:  0    Dex:  9    Spells: 5/6 levels left

rFire   . . .      SeeInvis .   f - +0 short sword
rCold   . . .      Faith    .   (no shield)
rNeg    . . .      Spirit   .   d - +1 chain mail
rPois   .          Reflect  .   (no helmet)
rElec   .          Harm     .   (no cloak)
rCorr   .          Rampage  .   (no gloves)
Will    .....                   (no boots)
Stlth   ..........              k - amulet of magic regeneration
HPRegen 0.06/turn               (no ring)
MPRegen 0.49/turn               (no ring)

@: no status effects
A: fangs 1, strong nose, distributed training
a: no special abilities


You were on level 2 of the Dungeon.
You visited 1 branch of the dungeon, and saw 2 of its levels.

You collected 25 gold pieces.

Inventory:

Hand Weapons
 a - a +0 club
 f - a +0 short sword (weapon)
Missiles
 b - 4 boomerangs (quivered)
 e - 15 stones
Armour
 d - a +1 chain mail (worn)
Jewellery
 k - an amulet of magic regeneration (around neck)
Scrolls
 c - a scroll of silence
Potions
 g - 2 potions of curing


   Skills:
 + Level 0.3 Fighting
 + Level 0.3 Short Blades
 + Level 0.3 Long Blades
 + Level 0.3 Axes
 + Level 0.3 Maces & Flails
 + Level 0.3 Polearms
 + Level 0.3 Staves
 + Level 0.3 Slings
 + Level 0.3 Bows
 + Level 0.3 Crossbows
 + Level 0.3 Throwing
 + Level 10.4 Armour
 + Level 0.3 Dodging
 + Level 2.2 Stealth
 + Level 0.3 Shields
 + Level 0.3 Unarmed Combat
 + Level 2.7 Spellcasting
 + Level 0.2 Conjurations
 + Level 0.2 Hexes
 + Level 5.3 Summonings
 + Level 0.2 Necromancy
 + Level 0.2 Translocations
 + Level 0.2 Transmutations
 + Level 0.2 Fire Magic
 + Level 0.2 Ice Magic
 + Level 0.2 Air Magic
 + Level 0.2 Earth Magic
 + Level 0.2 Poison Magic
 + Level 0.4 Invocations
 + Level 0.3 Evocations


You had 5 spell levels left.
You knew the following spells:

 Your Spells              Type           Power      Damage    Failure   Level
a - Summon Small Mammal   Summ           40%        N/A       38%         1

Your spell library contained the following spells:

 Spells                   Type           Power      Damage    Failure   Level
 Summon Guardian Golem    Hex/Summ       6%         N/A       98%         3


Dungeon Overview and Level Annotations

Branches:
Dungeon (2/15)

Altars:


Innate Abilities, Weirdness & Mutations

You have very sharp teeth.
Your uncanny sense of smell can sniff out nearby items.
Your experience applies equally to all skills.


Message History

The boomerang hits the bat but does no damage.
The bat is moderately wounded.
The bat closely misses you. x2; The kobold barely misses you.
The endoplasm hits you.
Throw: 4 boomerangs
Press: ? - help, Q - select action, (/) - cycle Shift-Dir - straight line, f/p - bat
Aim: a bat (34% to hit)
You throw a boomerang. The boomerang hits the bat.
The bat is moderately wounded.
The bat barely misses you. x2; The kobold hits you but does no damage.
The endoplasm freezes you.
You are frozen.
* * * LOW HITPOINT WARNING * * *
The bat hits you but does no damage. The kobold hits you but does no damage.
The endoplasm freezes you.
You are frozen.
* * * LOW HITPOINT WARNING * * *
The kobold attacks as you move away! The kobold hits you but does no damage.
The bat hits you but does no damage. The bat hits you.
* * * LOW HITPOINT WARNING * * *
Found 21 stones.
The bat closely misses you. The bat hits you but does no damage.
A bat comes into view.
The bat attacks as you move away! The bat barely misses you.
The bat hits you but does no damage. x2
The bat hits you but does no damage. The bat barely misses you.
The bat hits you but does no damage. The bat attacks as you move away!
The bat closely misses you. The bat hits you but does no damage. x3
The kobold attacks as you move away! The kobold barely misses you.
The bat hits you but does no damage. x3
The bat hits you but does no damage. x3; The kobold hits you with a +0 club.
* * * LOW HITPOINT WARNING * * *
The kobold attacks as you move away! The kobold hits you but does no damage.
The bat hits you but does no damage. The bat barely misses you. x2
The bat closely misses you.
You see here 2 potions of curing.
g - 2 potions of curing The bat hits you but does no damage. x3; The kobold hits you with a +0 club.
You die...

..####....^_^...............# *,*
#...b......^................# *,*
##.##.<.....................# *,*
#..........................# *,*
####.......(...............#**,*
#......[.....w...........**,*
#.........b.Jb...........**,*
#...........K............**,*
#...........@b###.#####..,,,,
#.............#*,...,,,,,,,,,
*****,,,......(...#**####*,,,,,,,
,,,,,,,,.....###### *,,,,,,>
,,,,,,,,.....*************,,,,,,>
,,,,,,,,.....**,,,,,,,,,**,,,,,,,
,,,,,,,,,..,,**,,,,∆,,,,**,,,,,,,
,,,,,,,,,,,,,**,,,,,,,,,+,,,,,,,,
,,,,,,,,,,,,,**,,,,,,,,,**,,,,,<,


You could see a worm, an endoplasm, 3 bats and a kobold.

Vanquished Creatures
  A ball python (D:1)
  2 giant cockroaches (D:1)
  A goblin (D:1)
  2 hobgoblins (D:1)
  4 rats
10 creatures vanquished.

Notes
Turn   | Place    | Note
-------+----------+-------------------------------------------
     0 | D:1      | Reached skill level 10 in Armour
     0 | D:1      | NinjaNoafa the Gnoll Wanderer began the quest for the Orb.
     0 | D:1      | NinjaNoafa set off with the following items: a +0 club, a
                  | scroll of fog, a scroll of silence, a +0 chain mail; and
                  | the following spell memorised: Summon Small Mammal; and the
                  | following spells available to memorise: Summon Guardian
                  | Golem
     0 | D:1      | Reached XP level 1. HP: 13/13 MP: 4/4
   139 | D:1      | Reached XP level 2. HP: 18/19 MP: 5/5
   402 | D:2      | Found a faded altar of an unknown god.
   489 | D:2      | HP: 1/20 [kobold/+0 club (3)]
   491 | D:2      | Slain by a kobold

Illustrated notes

Levels and vault maps discovered:
D:1:      dpeg_arrival_pond, layout_basic, ebering_dispersal_statue_hall,
          kennysheep_crisscross, chequers_arboretum, corner_web_ring, hex_large
D:2:      layout_basic, ebering_ecumenical_altar_webs, serial_shops,
          nicolae_shop_stone, minmay_close_crescents

Skill      XL: | |
---------------+-+-----
Armour         | | 10.4
Fighting       | |  0.3
Short Blades   | |  0.3
Long Blades    | |  0.3
Axes           | |  0.3
Maces & Flails | |  0.3
Polearms       | |  0.3
Staves         | |  0.3
Slings         | |  0.3
Bows           | |  0.3
Crossbows      | |  0.3
Throwing       | |  0.3
Dodging        | |  0.3
Stealth        | |  2.2
Shields        | |  0.3
Unarmed Combat | |  0.3
Spellcasting   | |  2.7
Conjurations   | |  0.2
Hexes          | |  0.2
Summonings     | |  5.3
Necromancy     | |  0.2
Translocations | |  0.2
Transmutations | |  0.2
Fire Magic     | |  0.2
Ice Magic      | |  0.2
Air Magic      | |  0.2
Earth Magic    | |  0.2
Poison Magic   | |  0.2
Invocations    | |  0.4
Evocations     | |  0.3

Action                   || total
-------------------------++-------
Melee: Club              ||    34
       Bite              ||     4
       Punch             ||     1
       Short sword       ||    22
Throw: Stone             ||    14
       Boomerang         ||     5
  Use: Scroll            ||     6
       Potion            ||     2
Armor: Chain mail        ||   166
Dodge: Dodged            ||    68

Table legend: (Time is in decaauts)
 A = Elapsed time spent in this place.
 B = Non-inter-level travel time spent in this place.
 C = Inter-level travel time spent in this place.
 D = Time resting spent in this place.
 E = Time spent auto-exploring this place.
 F = Levels seen in this place.
 G = Mean time per level.
                   A        B        C        D        E       F      G
               +--------+--------+--------+--------+--------+-----+--------+
         Total |    505 |    505 |      0 |      0 |      0 |   2 |  252.5 |
       Dungeon |    505 |    505 |      0 |      0 |      0 |   2 |  252.5 |
               +--------+--------+--------+--------+--------+-----+--------+

Top non-repeatable levels by time:
     D:1: 413 daAuts
     D:2: 92 daAuts
